 Dungeon Crawl Stone Soup version 0.23-a0-350-g6fd5563 (webtiles) character file.

107 Amnesiac the Digger (level 4, 18/18 HPs)
             Began as a Felid Earth Elementalist on Oct 20, 2018.
             Quit the game on level 4 of the Dungeon.
             The game lasted 00:04:32 (1441 turns).

Amnesiac the Digger (Felid Earth Elementalist)      Turns: 1441, Time: 00:04:32

Health: 18/18      AC:  1    Str:  4    XL:     4   Next: 57%
Magic:  10/10      EV: 18    Int: 17    God:
Gold:   62         SH:  0    Dex: 17    Spells: 6/9 levels left
                                        Lives:  0   Deaths: 1

rFire    . . .     SeeInvis +   (weapon unavailable)
rCold    . . .     Gourm    .   (shield unavailable)
rNeg     . . .     Faith    .   (armour unavailable)
rPois    .         Spirit   .   (helmet unavailable)
rElec    .         Reflect  .   (cloak unavailable)
rCorr    +         Harm     .   (gloves unavailable)
MR       .....                  (boots unavailable)
Stlth    +++.......             (no amulet)
HPRegen  0.06/turn              l - ring of resist corrosion
MPRegen  0.12/turn              (no ring)

@: quick
A: very small, no armour, no weapons or thrown items, stealth, claws 1, fangs 3,
see invisible, carnivore, speed 1, shaggy fur 1, slow metabolism 1, sharp paws
a: no special abilities


You were on level 4 of the Dungeon.
You were not hungry.

You visited 1 branch of the dungeon, and saw 4 of its levels.

You collected 62 gold pieces.

Inventory:

Missiles
 b - 22 stones
Jewellery
 l - a ring of resist corrosion (left paw)
Wands
 j - a wand of random effects (24)
Scrolls
 a - a scroll of teleportation {!r, unknown}
 e - a scroll of random uselessness {!r, unknown}
 f - a scroll of amnesia {!r, unknown}
 h - 2 scrolls of remove curse {!r, unknown}
Potions
 d - a potion of mutation {!q, unknown}
 g - 2 potions of cancellation {!q, unknown}
 k - a potion of curing {!q, unknown}
Comestibles
 c - a ration
 i - 4 chunks of flesh


   Skills:
 - Level 2.6 Dodging
 - Level 2.6 Stealth
 + Level 3.4 Spellcasting
 - Level 1.1 Transmutations
 * Level 5.0 Earth Magic


You had 6 spell levels left.
You knew the following spells:

 Your Spells              Type           Power        Failure   Level  Hunger
a - Sandblast             Erth           ###...       2%          1    None
b - Passwall              Tmut/Erth      ##......     7%          2    ##.....

Your spell library contained the following spells:

 Spells                   Type           Power        Failure   Level  Hunger
 Stone Arrow              Conj/Erth      ##....       19%         3    ###....
 Petrify                  Tmut/Erth      ##......     43%         4    ####...
 Lee's Rapid Deconstruct  Erth           ###.......   52%         5    ######.


Dungeon Overview and Level Annotations

Branches:
Dungeon (4/15)
 Temple: D:4-7

Altars:

Shops:
D:4 (

Annotations:
D:4 Blork the orc


Innate Abilities, Weirdness & Mutations

You cannot wear armour.
You are incapable of wielding weapons or throwing items.
Your paws allow you to move quietly. (Stealth)
You have sharp claws.
You have razor-sharp teeth.
You have supernaturally acute eyesight. (SInv)
You are carnivorous and can eat meat at any time.
You cover ground quickly.
You are covered in fur. (AC +1)
You have a slow metabolism.
Your sharp claws are effective at attacking unaware monsters.


Message History

Casting: Sandblast (safe; 2% risk of failure)
Confirm with . or Enter, or press ? or * to list all spells.
Aiming: Sandblast (safe; 2% risk of failure)
Press: ? - help, Shift-Dir - straight line, f - adder
Aim: an adder (resting)
The blast of sand hits the adder.
The adder is moderately wounded.
The adder hisses angrily.
b - 26 stones Unknown command.
Casting: Sandblast (safe; 2% risk of failure)
Confirm with . or Enter, or press ? or * to list all spells.
Aiming: Sandblast (safe; 2% risk of failure)
Press: ? - help, Shift-Dir - straight line, f/p - adder
Aim: an adder (moderately wounded)
The blast of sand hits the adder.
You kill the adder!
Your Earth Magic skill increases to level 5!
b - 25 stones Unknown command.
You start resting.
Magic restored.
You see here an adder corpse.
You butcher the adder corpse.
i - 4 chunks of flesh (gained 1)
You see here an adder skeleton.
You start resting.
Magic restored.
Blork the orc shouts!
Casting: Sandblast (safe; 2% risk of failure)
Confirm with . or Enter, or press ? or * to list all spells.
Aiming: Sandblast (safe; 2% risk of failure)
Press: ? - help, Shift-Dir - straight line, f - Blork the orc
Aim: Blork the orc, wielding a +0 battleaxe and wearing a +0 robe The blast of sand misses Blork the orc.
b - 24 stones Unknown command.
Casting: Sandblast (safe; 2% risk of failure)
Confirm with . or Enter, or press ? or * to list all spells.
Aiming: Sandblast (safe; 2% risk of failure)
Press: ? - help, Shift-Dir - straight line, f/p - Blork the orc
Aim: Blork the orc, wielding a +0 battleaxe and wearing a +0 robe The blast of sand hits Blork the orc.
Blork the orc is lightly wounded.
b - 23 stones Blork the orc points at you and mumbles some strange words.
The puff of flame hits you!
Ouch! That really hurt!
* * * LOW HITPOINT WARNING * * *
Unknown command.
Casting: Sandblast (safe; 2% risk of failure)
Confirm with . or Enter, or press ? or * to list all spells.
Aiming: Sandblast (safe; 2% risk of failure)
Press: ? - help, Shift-Dir - straight line, f/p - Blork the orc
Aim: Blork the orc, wielding a +0 battleaxe and wearing a +0 robe (lightly The blast of sand hits Blork the orc.
Blork the orc is heavily wounded.
b - 22 stones Blork the orc points at you and mumbles some strange words.
The magic dart hits you!
You die...
You are now level 4!
You rejoin the land of the living...
Are you sure you want to abandon this character and quit the game? (Confirm

.... #....... ...
....##.#....#.....
.....#.#....#....#
....>.#................
...... ....[#.........#
...... #.#>.........o..
#####....##.#.............
............+.@.......#
..........#.#.........#
..............รท.##.#..#
................##.#..#
#.......#.......##.#..#
#...............##.#..#
#...............##.#..#
#...............##.#..# #
#..........[..[.##....####!##


There were no monsters in sight!

Vanquished Creatures
  An ogre (D:4)
  A hound (D:4)
  A worker ant (D:4)
  A hound skeleton (D:4)
  4 adders
  2 leopard geckos
  An orc (D:3)
  2 giant cockroaches
  A goblin (D:1)
  2 quokkas (D:2)
  4 frilled lizards
  2 kobolds
  4 rats
26 creatures vanquished.

Notes
Turn   | Place    | Note
-------+----------+-------------------------------------------
     0 | D:1      | Amnesiac the Felid Earth Elementalist began the quest for
                  | the Orb.
     0 | D:1      | Reached XP level 1. HP: 7/7 MP: 4/4
   345 | D:1      | Reached skill level 3 in Earth Magic
   441 | D:2      | Reached XP level 2. HP: 11/11 MP: 6/6
   452 | D:2      | Learned a level 2 spell: Passwall
   553 | D:2      | Reached XP level 3. HP: 10/14 MP: 0/7
   994 | D:4      | Reached skill level 4 in Earth Magic
   994 | D:4      | Reached XP level 4. HP: 6/18 MP: 0/9
   995 | D:4      | Noticed an ogre
  1052 | D:4      | Killed an ogre
  1052 | D:4      | Reached XP level 5. HP: 11/21 MP: 0/10
  1251 | D:4      | Found Lethrykko's Antique Weapon Emporium.
  1368 | D:4      | Noticed Blork the orc
  1412 | D:4      | Reached skill level 5 in Earth Magic
  1440 | D:4      | Killed from afar by Blork the orc
  1441 | D:4      | Reached XP level 4. HP: -1/18 MP: 8/10
  1441 | D:4      | Quit the game

Vault maps used:
D:1:      psy_arrival_wood_between_worlds, cheibriados_altar_1
D:2:      roderic_malta_cross, serial_bayou_pond_a, minmay_pentomino_s4,
          uniq_sigmund, uniq_crazy_yiuf_cottage
D:3:      okawaru_metal_pillars_1_2, uniq_grinder
D:4:      lemuel_crystal_altar, serial_shops, nicolae_shop_statue_plus,
          uniq_menkaure, uniq_blork_the_orc

Skill      XL: |  1  2  3  4  5 |
---------------+----------------+-----
Earth Magic    | 3 4 5 |  5.0
Spellcasting   | 3 |  3.4
Dodging        | |  2.6
Stealth        | |  2.6
Transmutations | |  1.1

Action                   |  1- 3 |  4- 6 || total
-------------------------+-------+-------++-------
Melee: Unarmed           |    36 |    18 ||    54
       Bite              |     1 |       ||     1
 Cast: Sandblast         |    33 |    19 ||    52
Evoke: Wand              |       |     1 ||     1
 Stab: Sleeping          |     1 |     1 ||     2
  Eat: Chunk             |     8 |     1 ||     9
Armor: Skin              |     2 |     2 ||     4
Dodge: Dodged            |    39 |    20 ||    59

Table legend:
 A = Non-vault XP
 B = Vault XP
 C = Vault XP percentage of total XP
 D = Non-vault monster count
 E = Vault monster count
 F = Vault count percentage of total count
                 A         B        C        D         E       F
            +---------+---------+-------+---------+---------+-------
      Total |     275 |      28 |   9.2 |      23 |       3 |  11.5
            +---------+---------+-------+---------+---------+-------
        D:1 |       9 |       0 |   0.0 |       5 |       0 |   0.0
        D:2 |       8 |      28 |  77.8 |       5 |       3 |  37.5
        D:3 |      18 |       0 |   0.0 |       4 |       0 |   0.0
        D:4 |     240 |       0 |   0.0 |       9 |       0 |   0.0
            +---------+---------+-------+---------+---------+-------
